 Dungeon Crawl Stone Soup version 0.32-a0-411-g744942f433 (webtiles) character file.

Game seed: 15325663740224697634

149 ezpacito the Chopper (level 5, -6/41 HPs)
             Began as a Demonspawn Chaos Knight on Feb 20, 2024.
             Was a Plaything of Xom.
             Mangled by an iron imp (9 damage)
             ... summoned by Xom
             ... on level 3 of the Dungeon.
             The game lasted 00:07:44 (7166 turns).

ezpacito the Chopper (Demonspawn Chaos Knight)      Turns: 7166, Time: 00:07:44

Health: -6/41      AC: 10    Str: 15 (18) XL:     5   Next: 9%
Magic:  16/16      EV:  7    Int:  9 (12) God:    Xom [......]
Gold:   123        SH:  0    Dex: 10 (11) Spells: 6/6 levels left

rFire   . . .        a - +1 hand axe (chaos)
rCold   . . .        (no shield)
rNeg    . . .        e - +1 chain mail
rPois   .            (no helmet)
rElec   .            (no cloak)
rCorr   .            (no gloves)
SInv    .            m - +0 pair of boots
Will    .....        (no amulet) Stlth
                     k - ring of magical power
HPRegen 0.26/turn    g - ring of flight
MPRegen 0.15/turn

%: no passive effects
@: flying, wreathed by umbra
A: foul stench 1, weakness stinger 2, foul shadow 1, hooves 1, screaming 1,
strong 1
a: Renounce Religion


You were on level 3 of the Dungeon.
You worshipped Xom.
You were a very special plaything of Xom.
You visited 1 branch of the dungeon, and saw 3 of its levels.

You collected 123 gold pieces.

Inventory:

Hand Weapons
 a - a +1 hand axe of chaos (weapon)
Missiles
 p - 6 boomerangs (quivered)
 q - 8 poisoned darts
 r - 5 javelins
Armour
 b - a +2 leather armour
 e - a +1 chain mail (worn)
 m - a +0 pair of boots (worn)
Magical Staves
 i - a staff of earth
Jewellery
 f - a ring of fire
 g - a ring of flight (right hand)
 k - a ring of magical power (left hand)
 o - a ring of fire


   Skills:
 * Level 3.5 Fighting
 * Level 3.7 Axes
 * Level 2.1 Armour
 * Level 1.5 Dodging
 * Level 1.2 Stealth
 * Level 0.9 Unarmed Combat
 * Level 1.4 Spellcasting


You had 6 spell levels left.
You didn't know any spells.
Your spell library was empty.

Dungeon Overview and Level Annotations

Branches:
Dungeon (3/15)

Altars:


Innate Abilities, Weirdness & Mutations

You may rarely emit foul miasma when damaged in melee.
You have a tail ending in a sharp stinger.
You are faintly shadowed, very rarely releasing foul flame when damaged in melee.
You have large cloven feet.
You occasionally shout uncontrollably at your foes.
Your muscles are strong. (Str +4, Int/Dex -1)


Message History

The iron imp puffs mist at you. The iron imp hits you.
The iron imp barely misses you. The iron imp puffs mist at you.
The iron imp hits you.
The iron imp hits you but does no damage.
The iron imp hits you but does no damage.
The iron imp completely misses you.
The iron imp hits you but does no damage.
The iron imp hits you!
The iron imp grins evilly.
The iron imp hits you.
The iron imp is seared by the foul flame within you!
The iron imp resists.
The iron imp is moderately wounded.
You emit a cloud of foul miasma!
The shadow imp shouts, "Remove thy stench, thou grime-gilt moldwarp dingleberry!"
The iron imp hits you! The iron imp barely misses you.
The iron imp closely misses you. The iron imp closely misses you.
The iron imp hits you. The shadow imp puffs mist at you. The iron imp hits you.
* * * LOW HITPOINT WARNING * * *
The iron imp hits you.
* * * LOW HITPOINT WARNING * * *
The iron imp is seared by the foul flame within you!
The iron imp resists.
The iron imp is heavily wounded.
The iron imp hits you.
* * * LOW HITPOINT WARNING * * *
The iron imp hits you but does no damage.
The iron imp hits you but does no damage.
The sun demon degenerates into a cloud of primal chaos!
The iron imp hits you but does no damage.
The shadow imp is engulfed in seething chaos.
The shadow imp seems to speed up.
The iron imp hits you!
You die...

#.....##..#
########..........
#......#.....##...
###'####.......###..
#.....######........
#.._..# #.#####..
#..5..# ####))......
####### #.....####..
#.@.# ##.#.#.###..
#5..# #.##.##.##..
########....##.##..
### #...#####.##..
#.# ##...###.###..
#.# #..#...## #..
#.# ##..##### #..
#.###...# #..
#.......# #..


You could see an iron imp (summoned) and a shadow imp (summoned, fast).

Vanquished Creatures
  A bombardier beetle (D:3)
  2 dart slugs (D:1)
  3 ribbon worms (D:3)
  An orc (D:3)
  3 ball pythons
  8 endoplasms
  5 giant cockroaches
  6 goblins
  8 hobgoblins
  2 quokkas
  3 bats
  8 frilled lizards
  8 kobolds
  4 rats
62 creatures vanquished.

Notes
Turn   | Place    | Note
-------+----------+-------------------------------------------
     0 | D:1      | ezpacito the Demonspawn Chaos Knight began the quest for
                  | the Orb.
     0 | D:1      | Reached XP level 1. HP: 18/18 MP: 1/1
    64 | D:1      | XOM: silly message
    66 | D:1      | Reached skill level 1 in Dodging
    94 | D:1      | Gained mutation: You may rarely emit foul miasma when
                  | damaged in melee. [demonic ancestry]
    94 | D:1      | Reached XP level 2. HP: 24/24 MP: 2/2
   123 | D:1      | Found a faded altar of an unknown god.
   359 | D:1      | Gained mutation: You have a small tail. [demonic ancestry]
   359 | D:1      | Reached XP level 3. HP: 24/29 MP: 3/3
   369 | D:1      | XOM: silly message
   446 | D:1      | XOM: summons 2 hostile demons
   566 | D:1      | XOM: summons 1 hostile demon
  1076 | D:2      | XOM: 9-stop teleportation journey
  1349 | D:2      | XOM: 2-stop teleportation journey
  1762 | D:2      | Reached skill level 1 in Stealth
  1895 | D:2      | Gained mutation: You are faintly shadowed, very rarely
                  | releasing foul flame when damaged in melee. [demonic
                  | ancestry]
  1895 | D:2      | Reached XP level 4. HP: 35/35 MP: 5/5
  1902 | D:2      | Reached skill level 1 in Spellcasting
  2002 | D:3      | XOM: scenery: summon butterflies
  2015 | D:3      | XOM: destruction
  2386 | D:3      | XOM: stat loss: -1 Dex (11/12)
  2659 | D:3      | Gained mutation: You have a tail ending in a sharp stinger.
                  | [demonic ancestry]
  2659 | D:3      | Reached XP level 5. HP: 27/41 MP: 7/7
  3130 | D:3      | XOM: summons 3 hostile shadow creatures
  3594 | D:3      | XOM: give mutations
  3594 | D:3      | Gained mutation: You are clumsy. (Dex -2) [Xom's mischief]
  3594 | D:3      | Gained mutation: Your muscles are strong. (Str +4, Int/Dex
                  | -1) [Xom's mischief]
  3594 | D:3      | Gained mutation: You have large cloven feet. [Xom's
                  | mischief]
  3966 | D:3      | XOM: summons 4 hostile shadow creatures
  4329 | D:3      | XOM: stat loss: -1 Int (9/12)
  4585 | D:3      | XOM is BORED!
  4585 | D:3      | XOM: summons 3 hostile demons
  5141 | D:3      | XOM: noise
  5752 | D:3      | XOM: noise
  6300 | D:3      | XOM: give mutations
  6300 | D:3      | Gained mutation: You are frail. (-10% HP) [Xom's mischief]
  6300 | D:3      | Lost mutation: You are frail. (-10% HP) [Xom's mischief]
  6641 | D:3      | XOM: give mutations
  6641 | D:3      | Gained mutation: You occasionally shout uncontrollably at
                  | your foes. [Xom's mischief]
  6641 | D:3      | Lost mutation: You are clumsy. (Dex -2) [Xom's mischief]
  7124 | D:3      | XOM is BORED!
  7124 | D:3      | XOM: summons 3 hostile demons
  7125 | D:3      | Noticed a sun demon
  7161 | D:3      | HP: 2/41 [iron imp[Xom] (5)]
  7166 | D:3      | Mangled by an iron imp

Illustrated notes

Levels and vault maps discovered:
D:1:      dpeg_arrival_three_bigger_balls, layout_loops_ring,
          ebering_ecumenical_altar_rust, minmay_lizard_king
D:2:      layout_basic, guppyfry_early_lair_pool
D:3:      layout_loops_ring, zin_scriptorium

Skill      XL: |  1  2  3  4 |
---------------+-------------+-----
Dodging        | 1 |  1.5
Axes           | 3 |  3.7
Stealth        | 1 |  1.2
Armour         | 2 |  2.1
Spellcasting   | 1 |  1.4
Fighting       | |  3.5
Unarmed Combat | |  0.9

Action                     |  1- 3 |  4- 6 || total
---------------------------+-------+-------++-------
  Melee: Hand axe          |   104 |    88 ||   192
         Tailslap          |     9 |    11 ||    20
    Use: Scroll            |     1 |    10 ||    11
         Potion            |       |     2 ||     2
   Stab: Sleeping          |     1 |       ||     1
 Armour: Leather armour    |    68 |       ||    68
         Chain mail        |     9 |   148 ||   157
  Dodge: Dodged            |    90 |    85 ||   175

Table legend: (Time is in decaauts)
 A = Elapsed time spent in this place.
 B = Non-inter-level travel time spent in this place.
 C = Inter-level travel time spent in this place.
 D = Time resting spent in this place.
 E = Time spent auto-exploring this place.
 F = Levels seen in this place.
 G = Mean time per level.
                   A        B        C        D        E       F      G
               +--------+--------+--------+--------+--------+-----+--------+
         Total |   7191 |   6698 |    493 |      0 |   1999 |   3 | 2397.0 |
       Dungeon |   7191 |   6698 |    493 |      0 |   1999 |   3 | 2397.0 |
               +--------+--------+--------+--------+--------+-----+--------+

Top non-repeatable levels by time:
     D:3: 5199 daAuts
     D:1: 1091 daAuts
     D:2: 901 daAuts
